 Dungeon Crawl Stone Soup version 0.32-a0-160-g465344b4ef (webtiles) character file.

Game seed: 17852502102487783878

20 tilp the Sneak (level 2, 0/20 HPs)
             Began as a Vampire Enchanter on Feb 11, 2024.
             Slain by a centaur zombie (4 damage)
             ... in an ossuary.
             The game lasted 00:01:48 (629 turns).

tilp the Sneak (Vampire Enchanter)                   Turns: 629, Time: 00:01:48

Health: 0/20       AC:  2    Str:  7    XL:     2   Next: 58%
Magic:  5/5        EV: 12    Int: 17    God:
Gold:   19         SH:  0    Dex: 14    Spells: 3/5 levels left

rFire   . . .        a - +1 dagger
rCold   . . .        (no shield)
rNeg    . . .        d - +0 robe
rPois   .            (no helmet)
rElec   .            (no cloak)
rCorr   .            (no gloves)
SInv    +            (no boots)
Will    .....        (no amulet)
Stlth   +++          (no ring)
HPRegen 0.43/turn    (no ring)
MPRegen 0.09/turn

%: no passive effects
@: healing quickly
A: alive, fangs 3, see invisible, vampiric 1
a: Exsanguinate


You were in an ossuary.
You visited 1 branch of the dungeon, and saw 3 of its levels.
You also visited: Ossuary.

You collected 19 gold pieces.

Inventory:

Hand Weapons
 a - a +1 dagger (weapon)
 b - a +0 short sword of protection
Armour
 d - a +0 robe (worn)
 f - an orb of energy
Scrolls
 e - a scroll of fear {unknown}
Potions
 c - 2 potions of invisibility
 g - 2 potions of attraction
 h - a potion of might {unknown}


   Skills:
 * Level 0.8 Fighting
 * Level 1.6 Short Blades
 + Level 2.4 Dodging
 + Level 4.6 Stealth
 + Level 2.1 Spellcasting
 + Level 4.5 Hexes
 + Level 0.1 Ice Magic


You had 3 spell levels left.
You knew the following spells:

 Your Spells              Type           Power      Damage    Failure   Level
a - Ensorcelled Hibernat  Hex/Ice        18%        N/A       11%         2

Your spell library contained the following spells:

 Spells                   Type           Power      Damage    Failure   Level
 Slow                     Hex            68%        N/A       3%          1
 Confusing Touch          Hex            17%        N/A       9%          3
 Sigil of Binding         Hex            17%        N/A       9%          3
 Tukima's Dance           Hex            17%        N/A       9%          3
 Dazzling Flash           Conj/Hex       18%        N/A       22%         3
 Vampiric Draining        Necr           1%         2d6       50%         3


Dungeon Overview and Level Annotations

Branches:
Dungeon (4/15)            Ossuary (1/1)
 Temple: D:4-7

Altars:

Shops:
D:1 *


Innate Abilities, Weirdness & Mutations

Your natural rate of healing is accelerated.
You have razor-sharp teeth.
You have supernaturally acute eyesight. (SInv)
You are afflicted with vampirism.


Message History

You hit the centaur zombie.
The centaur zombie is lightly damaged.
The centaur zombie closely misses you. x2
You hit the centaur zombie.
The centaur zombie is lightly damaged.
The centaur zombie hits you. The centaur zombie kicks you.
The centaur zombie barely misses you. The centaur zombie kicks you.
You barely miss the centaur zombie.
The centaur zombie is lightly damaged.
The centaur zombie barely misses you. The centaur zombie kicks you.
You hit the centaur zombie. You bite the centaur zombie.
The centaur zombie is moderately damaged.
The centaur zombie misses you. The centaur zombie barely misses you.
You hit the centaur zombie but do no damage.
The centaur zombie is moderately damaged.
The centaur zombie hits you. The centaur zombie barely misses you.
You hit the centaur zombie but do no damage.
The centaur zombie is moderately damaged.
The centaur zombie hits you.
The centaur zombie kicks you but does no damage.
The centaur zombie closely misses you. The centaur zombie barely misses you.
You hit the centaur zombie.
The centaur zombie is moderately damaged.
The centaur zombie hits you.
* * * LOW HITPOINT WARNING * * *
The centaur zombie kicks you.
* * * LOW HITPOINT WARNING * * *
You hit the centaur zombie.
The centaur zombie is moderately damaged.
The centaur zombie barely misses you. The centaur zombie kicks you.
* * * LOW HITPOINT WARNING * * *
You hit the centaur zombie but do no damage.
The centaur zombie is moderately damaged.
The centaur zombie hits you.
* * * LOW HITPOINT WARNING * * *
The centaur zombie barely misses you.
You hit the centaur zombie.
The centaur zombie is heavily damaged.
The centaur zombie closely misses you. x2; The centaur zombie hits you.
You die...

#...#...#
#...ß...#
#.......#
##ß...ß##
#......Z#
#...ß...#
#.Z.#...#
##Z######
#..@#...#
#.∩.'.∩.#
#...#...#
#########


You could see an orc zombie and a centaur zombie.

Vanquished Creatures
  An endoplasm (D:1)
  A giant cockroach (D:1)
  5 goblins
  2 hobgoblins (D:1)
  2 bats (D:1)
  3 frilled lizards (D:1)
  2 kobolds (D:1)
  A kobold zombie (D:4)
  3 rats (D:1)
20 creatures vanquished.

Notes
Turn   | Place    | Note
-------+----------+-------------------------------------------
     0 | D:1      | tilp the Vampire Enchanter began the quest for the Orb.
     0 | D:1      | Reached XP level 1. HP: 13/13 MP: 3/3
   106 | D:1      | Reached XP level 2. HP: 20/20 MP: 5/5
   114 | D:1      | Learned a level 2 spell: Ensorcelled Hibernation
   402 | D:1      | Found Totsiug's Assorted Antiques.
   487 | D:2      | You fall into a shaft and drop 2 floors!
   585 | D:4      | Found a sand-covered staircase.
   603 | Ossuary  | Entered an ossuary
   629 | Ossuary  | Slain by a centaur zombie

Illustrated notes

Levels and vault maps discovered:
D:1:      wander_arrival_estate, layout_rooms, serial_shops, shop_fountains,
          serial_glass, glass_columns_a, glass_columns_a, glass_columns_a,
          glass_columns_b, glass_columns_a, glass_columns_b, glass_columns_c,
          glass_columns_a, glass_columns_a, glass_columns_b
D:2:      layout_loops_corners, serial_shops, nicolae_lakefront_shop,
          basic_altar
D:4:      layout_cave_pods, minmay_temple_entry_tees, serial_shops,
          nicolae_shop_gibbet_a_chance, enter_ossuary_3
Ossuary:  ossuary_minmay_scorpions

Action                     || total
---------------------------++-------
  Melee: Dagger            ||    61
         Bite              ||     4
   Cast: Ensorcelled Hiber ||     1
    Use: Scroll            ||     1
   Stab: Sleeping          ||     5
 Armour: Robe              ||    41
  Dodge: Dodged            ||    46

Table legend: (Time is in decaauts)
 A = Elapsed time spent in this place.
 B = Non-inter-level travel time spent in this place.
 C = Inter-level travel time spent in this place.
 D = Time resting spent in this place.
 E = Time spent auto-exploring this place.
 F = Levels seen in this place.
 G = Mean time per level.
                   A        B        C        D        E       F      G
               +--------+--------+--------+--------+--------+-----+--------+
         Total |    624 |    580 |     44 |      8 |    343 |   4 |  156.0 |
       Dungeon |    599 |    555 |     44 |      8 |    339 |   3 |  199.7 |
       Ossuary |     25 |     25 |      0 |      0 |      4 |   1 |   25.0 |
               +--------+--------+--------+--------+--------+-----+--------+

Top non-repeatable levels by time:
     D:1: 482 daAuts
     D:4: 115 daAuts
 Ossuary: 25 daAuts
     D:2: 1 daAuts
